 Dungeon Crawl Stone Soup version 0.15-a0-2036-g5428f20 (webtiles) character file.

228 N00bl0rd the Skirmisher (level 6, 0/65 HPs)
             Began as an Ogre Fighter on July 13, 2014.
             Slain by Prince Ribbit (17 damage)
             ... on Level 4 of the Dungeon.
             The game lasted 00:08:10 (3307 turns).

N00bl0rd the Skirmisher (Ogre Fighter)              Turns: 3307, Time: 00:08:10

HP   0/65        AC  7     Str 24      XL: 6   Next:  2%
MP   6/6         EV  9     Int  7      God:
Gold 141         SH  9     Dex  9      Spells:  0 memorised,  5 levels left

rFire  . . .     SeeInvis .     a - +0 flail
rCold  + . .     Clarity  .     b - +0 robe
rNeg   . . .     rCorr    .     c - +0 shield
rPois  .         rRot     .     g - +1 hat
rElec  .         Spirit   .     u - +0 cloak
SustAb .         Warding  .     (gloves unavailable)
rMut   .         Stasis   .     (boots unavailable)
Gourm  .                        (no amulet)
MR     .....                    o - ring of protection from cold
                                s - +2 ring of protection

@: not resistant to hostile enchantments, very unstealthy
A: unfitting armour, tough skin 1
a: no special abilities


You were on level 4 of the Dungeon.
You were not hungry.

You visited 1 branch of the dungeon, and saw 4 of its levels.

You collected 141 gold pieces.

Inventory:

Hand weapons
 a - a +0 flail (weapon)
Armour
 b - a +0 robe (worn)
 c - a +0 shield (worn)
 g - a +1 hat (worn)
 u - a +0 cloak (worn)
 x - a +0 cloak
Magical devices
 t - a wand of slowing (9)
Comestibles
 d - 3 meat rations
 f - 5 fruits
 p - 2 slices of pizza
 A - a beef jerky
 F - a chunk of adder flesh
Scrolls
 k - 2 scrolls of remove curse {unknown}
 l - 3 scrolls of identify {unknown}
 m - 3 scrolls of blinking {unknown}
 r - 2 scrolls of enchant armour {unknown}
 v - a scroll of recharging {unknown}
 y - a scroll of noise {unknown}
 z - a scroll of fog {unknown}
 B - a scroll of enchant weapon {unknown}
 D - a scroll of immolation {unknown}
 E - a scroll of amnesia {unknown}
Jewellery
 n - an uncursed ring of ice
 o - a ring of protection from cold (right hand)
 s - a +2 ring of protection (left hand)
Potions
 e - a potion of might
 h - a potion of invisibility {unknown}
 i - a potion of haste {unknown}
 j - a potion of curing {unknown}
 q - a potion of resistance {unknown}
 w - a potion of lignification {unknown}
 C - a potion of magic {unknown}


   Skills:
 + Level 4.9 Fighting
 * Level 4.5 Maces & Flails
 + Level 1.2 Armour
 * Level 4.0 Dodging
 + Level 3.3 Shields


You had 5 spell levels left.
You didn't know any spells.

Dungeon Overview and Level Annotations

Branches:
Dungeon (4/15)
 Temple: D:4-7

Altars:

Annotations:
D:4 Prince Ribbit


Innate Abilities, Weirdness & Mutations

You are too large for most types of armour.
You have tough skin (AC +1).


Message History

Prince Ribbit is heavily wounded.
You block Prince Ribbit's attack.
Prince Ribbit momentarily phases out as your attack passes through him.
Prince Ribbit is heavily wounded.
Prince Ribbit hits you!!
Prince Ribbit blinks!
Prince Ribbit hits you! You block Prince Ribbit's attack.
Prince Ribbit momentarily phases out as your attack passes through him.
Prince Ribbit is heavily wounded.
Prince Ribbit hits you but does no damage.
Prince Ribbit momentarily phases out as your attack passes through him.
Prince Ribbit is heavily wounded.
Prince Ribbit hits you. x2
* * * LOW HITPOINT WARNING * * *
Prince Ribbit momentarily phases out as your attack passes through him.
Prince Ribbit is heavily wounded.
Prince Ribbit barely misses you. You block Prince Ribbit's attack.
You sock Prince Ribbit!
Prince Ribbit is severely wounded.
Prince Ribbit hits you!
You die...

#######
###...).###
#.?F......#
#..@......#
###.....#...
### .
###.### ..
#. #.# #. ..
#.# #.##.#
#.# #..#.#
#.# ##...#
#.# ##.....
#.#
####....##


You could see Prince Ribbit.

Vanquished Creatures
  A goliath beetle (D:3)
  The ghost of BoltOfCold the Magician, a weakling DEIE (D:3)
  9 adders
  2 worms (D:2)
  A giant gecko (D:3)
  3 orcs (D:3)
  4 giant cockroaches
  7 goblins
  11 hobgoblins
  2 jackals (D:4)
  A quokka (D:2)
  10 bats
  6 giant newts
  4 kobolds
  A quokka skeleton (D:4)
  9 rats
72 creatures vanquished.

Notes
Turn   | Place    | Note
--------------------------------------------------------------
     0 | D:1      | N00bl0rd, the Ogre Fighter, began the quest for the Orb.
     0 | D:1      | Reached XP level 1. HP: 24/24 MP: 1/1
   231 | D:1      | Reached XP level 2. HP: 32/32 MP: 2/2
   704 | D:2      | Reached XP level 3. HP: 8/39 MP: 3/3
  1630 | D:2      | Reached XP level 4. HP: 29/48 MP: 4/4
  2033 | D:2      | Reached skill level 1 in Armour
  2565 | D:3      | Reached XP level 5. HP: 55/55 MP: 5/5
  2895 | D:3      | Noticed BoltOfCold's ghost (weakling DEIE)
  2904 | D:3      | Killed BoltOfCold's ghost
  3235 | D:4      | Reached XP level 6. HP: 50/65 MP: 6/6
  3297 | D:4      | Noticed Prince Ribbit
  3307 | D:4      | Slain by Prince Ribbit

Action                   |  1- 3 |  4- 6 || total
-------------------------+-------+-------++-------
Melee: Flail             |   104 |   180 ||   284
Evoke: Wand              |       |     2 ||     2
  Eat: Chunk             |     2 |     6 ||     8
